 Dungeon Crawl Stone Soup version 0.22-a0-93-g6b88ebb (webtiles) character file.

60 lemonriz the Poker (level 4, 0/33 HPs)
             Began as a Merfolk Skald on Jan 24, 2018.
             Slain by a gnoll (7 damage)
             ... on level 2 of the Dungeon.
             The game lasted 00:03:09 (2075 turns).

lemonriz the Poker (Merfolk Skald)                  Turns: 2075, Time: 00:03:10

Health: 0/33       AC:  3    Str: 10 (11) XL:     4   Next: 6%
Magic:  1/7        EV: 12    Int: 11 (13) God:
Gold:   82         SH:  0    Dex: 11 (13) Spells: 2/7 levels left

rFire    . . .     SeeInvis .   a - +0 spear
rCold    . . .     Gourm    .   (no shield)
rNeg     . . .     Faith    .   b - +0 leather armour
rPois    .         Spirit   .   (no helmet)
rElec    .         Reflect  .   (no cloak)
rCorr    .         Harm     .   (no gloves)
MR       .....                  (no boots)
Stlth    +.........             (no amulet)
HPRegen  0.11/turn              (no ring)
MPRegen  0.10/turn              (no ring)

@: infused, singing
A: change form in water, swift swim, stealthy swim
a: no special abilities


You were on level 2 of the Dungeon.
You were not hungry.

You visited 1 branch of the dungeon, and saw 2 of its levels.

You collected 82 gold pieces.

Inventory:

Hand Weapons
 a - a +0 spear (weapon)
Armour
 b - a +0 leather armour (worn)
Scrolls
 e - 2 scrolls of identify {unknown}
 f - a scroll of fear {unknown}
 g - 2 scrolls of enchant weapon {unknown}
 j - 2 scrolls of blinking {unknown}
Books
 c - a book of Battle

   Spells                             Type                      Level
   a - Infusion                       Charms                       1
   b - Shroud of Golubria             Charms/Translocation         2
   c - Song of Slaying                Charms                       2
   d - Spectral Weapon                Hexes/Charms                 3
   e - Regeneration                   Charms/Necromancy            3
Comestibles
 d - 3 rations


   Skills:
 - Level 2.1 Fighting
 + Level 4.5 Polearms
 - Level 0.6 Armour
 - Level 2.6 Dodging
 + Level 2.0 Spellcasting
 + Level 4.2 Charms
 - Level 1.0 Translocations


You had 2 spell levels left.
You knew the following spells:

 Your Spells              Type           Power        Failure   Level  Hunger
a - Infusion              Chrm           ##..         7%          1    ##.....
b - Song of Slaying       Chrm           ##......     11%         2    ###....
c - Shroud of Golubria    Chrm/Tloc      #.........   21%         2    ###....


Dungeon Overview and Level Annotations

Branches:
Dungeon (2/15)

Altars:
Trog


Message History

The gnoll hits you.
Casting: Shroud of Golubria
Confirm with . or Enter, or press ? or * to list all spells.
You start singing a song of slaying.
The gnoll hits you but does no damage.
Casting: Song of Slaying
Confirm with . or Enter, or press ? or * to list all spells.
You begin infusing your attacks with magical energy.
The gnoll hits you!
You hit the gnoll.
The gnoll is moderately wounded.
The gnoll hits you.
* * * LOW HITPOINT WARNING * * *
A phantom comes into view.
You hit the gnoll.
The gnoll is severely wounded.
The gnoll barely misses you.
You hit the gnoll.
The gnoll is severely wounded.
The gnoll hits you!
You die...

#...# #.# #.
############...####.#
#.
...................<#
#.
##########......#####
#. .........'..w...+
.. #.
##########.....w##.
#. ##### #.....ggW.#
#.
####...#########g###
#. ....<.......# #@#
#. #......####.# #.#
## #......# #.# #.#
.......# #.# #.#
#......# #.# #.#
+...#### #.# #.#
#...# #.# #.# #...#
#.# #.# #...# #.# #.#


You could see a phantom, a worm and 3 gnolls.

Vanquished Creatures
  A worm (D:2)
  3 dart slugs
  2 leopard geckos (D:1)
  5 bats
  2 giant cockroaches
  9 goblins
  4 hobgoblins
  9 jackals
  A ball python (D:2)
  3 frilled lizards
  4 kobolds (D:1)
  A rat (D:1)
44 creatures vanquished.

Notes
Turn   | Place    | Note
-------+----------+-------------------------------------------
     0 | D:1      | lemonriz the Merfolk Skald began the quest for the Orb.
     0 | D:1      | Reached XP level 1. HP: 16/16 MP: 3/3
   284 | D:1      | Reached XP level 2. HP: 16/22 MP: 5/5
   288 | D:1      | Learned a level 2 spell: Song of Slaying
   291 | D:1      | Learned a level 2 spell: Shroud of Golubria
   763 | D:1      | Reached XP level 3. HP: 24/27 MP: 6/6
   783 | D:1      | Reached skill level 1 in Translocations
  1187 | D:2      | HP: 1/27 [worm (3)]
  1753 | D:2      | Reached XP level 4. HP: 12/33 MP: 3/7
  1953 | D:2      | Found a bloodstained altar of Trog.
  2074 | D:2      | Noticed a phantom
  2075 | D:2      | Slain by a gnoll

Vault maps used:
D:1:      dpeg_arrival_concentric_ovals, serial_park_tiny_1
D:2:      lemuel_round_altar

Skill      XL: |  1  2  3 |
---------------+----------+-----
Translocations | 1 |  1.0
Polearms       | 4 |  4.5
Charms         | 4 |  4.2
Fighting       | |  2.1
Armour         | |  0.6
Dodging        | |  2.6
Spellcasting   | |  2.0

Action                   |  1- 3 |  4- 6 || total
-------------------------+-------+-------++-------
Melee: Spear             |   190 |    20 ||   210
 Cast: Infusion          |     3 |     1 ||     4
       Song of Slaying   |     3 |     1 ||     4
       Shroud of Golubri |     1 |       ||     1
  Use: Potion            |     3 |       ||     3
  Eat: Chunk             |     3 |     1 ||     4
Armor: Leather armour    |    43 |     4 ||    47
Dodge: Dodged            |   116 |     9 ||   125

Table legend:
 A = Spawn XP
 B = Non-spawn XP
 C = Spawn XP percentage of total XP
 D = Spawn monster count
 E = Non-spawn monster count
 F = Spawn count percentage of total count
 G = Total turns spent on level
                    A         B        C        D         E        F      G
               +---------+---------+-------+---------+---------+-------+---------
         Total |       0 |      87 |   0.0 |       0 |      44 |   0.0 |  2075
               +---------+---------+-------+---------+---------+-------+---------
           D:1 |       0 |      49 |   0.0 |       0 |      25 |   0.0 |  1425
           D:2 |       0 |      38 |   0.0 |       0 |      19 |   0.0 |   650
               +---------+---------+-------+---------+---------+-------+---------
